Match 41334115
Unlisted

Match 41334115
End
Selects Australian Defense Battlegroup
Selects Australian Light Infantry Section
Australian Light Infantry Section
Construct Section Command Post
Dingo Light Scout Car
Royal Engineer Section
Australian Light Infantry Section
Construct Platoon Command Post
Selects Defensive Tactics
Humber Armored Car
Nałogowy
MarianPiwosz1978Polska
GEORGE LITTLEHOOF
Zyllen
0
0

Comments sign in to comment!

No comments posted yet!